 Dungeon Crawl Stone Soup version 0.28-b1-1-g3c77fb2ed1 (webtiles) character file.

Game seed: 16084436722360625496

5 Tirrikindir the Shield-Bearer (level 1, 0/16 HPs)
             Began as an Octopode Fighter on Jan 30, 2022.
             Slain by a gnoll (5 damage)
             ... on level 1 of the Dungeon.
             The game lasted 00:00:46 (271 turns).

Tirrikindir the Shield-Bearer (Octopode Fighter)     Turns: 271, Time: 00:00:47

Health: 0/16       AC:  1    Str: 15    XL:     1   Next: 80%
Magic:  1/1        EV: 13    Int: 10    God:
Gold:   13         SH:  4    Dex: 11    Spells: 0/0 levels left

rFire   . . .      SeeInvis .   a - +0 long sword
rCold   . . .      Faith    .   b - +0 buckler
rNeg    . . .      Spirit   .   (helmet restricted)
rPois   .          Reflect  .   (no amulet)
rElec   .          Harm     .   (no ring)
rCorr   .          Rampage  .   (no ring)
Will    .....                   (no ring)
Stlth   ++........              (no ring)
HPRegen 0.05/turn               (no ring)
MPRegen 0.07/turn               (no ring)
                                (no ring)
                                (no ring)

@: no status effects
A: almost no armour, amphibious, 8 rings, camouflage 1, gelatinous body 1,
(nimble swimmer 1), tentacles
a: no special abilities


You were on level 1 of the Dungeon.
You visited 1 branch of the dungeon, and saw 1 of its levels.

You collected 13 gold pieces.

Inventory:

Hand Weapons
 a - a +0 long sword (weapon)
 e - a +0 rapier
Armour
 b - a +0 buckler (worn)
Scrolls
 d - 2 scrolls of identify {unknown}
Potions
 c - a potion of might


   Skills:
 + Level 3.0 Fighting
 + Level 2.1 Long Blades
 + Level 3.0 Dodging
 + Level 0.6 Stealth
 + Level 3.0 Shields


You couldn't memorise any spells.
You didn't know any spells.
Your spell library was empty.

Dungeon Overview and Level Annotations

Branches:
Dungeon (1/15)

Altars:

Shops:
D:1 (


Innate Abilities, Weirdness & Mutations

You cannot wear most types of armour.
You are amphibious.
You can wear up to eight rings at the same time.
Your skin changes colour to match your surroundings (Stealth+).
Your rubbery body absorbs attacks. (AC +1, EV +1)
((You are camouflaged when in or above water. (Stealth+)))
You have tentacles for arms and can constrict up to eight enemies at once.


Message History

Things that are here:
a +0 dagger; a kobold corpse The quokka bites you.
You closely miss the quokka. Your grab misses the quokka.
The quokka bites you but does no damage.
The quokka bites you.
You miss the quokka. You grab the quokka. Your squeeze misses the quokka.
You constrict the quokka, but do no damage.
You block the quokka's attack.
You hit the quokka but do no damage. You constrict the quokka.
The quokka closely misses you. The quokka bites you.
You hit the quokka.
You kill the quokka!
You start resting.
HP restored.
Found 4 silver boomerangs and 26 sling bullets.
As you open the door, it creaks loudly!
There is an open door here.
There is an open door here.
There is a fountain of clear blue water here.
You open the door.
Found a rapier.
There is an open door here.
A gnoll comes into view. It is wielding a +0 club.
You see here a +0 rapier.
e - a +0 rapier The helpless gnoll fails to defend itself.
You hit the gnoll. Your grab misses the gnoll.
The gnoll is moderately wounded.
You block the gnoll's attack. The gnoll misses you.
You hit the gnoll. Your grab misses the gnoll.
The gnoll is severely wounded.
The gnoll hits you with a +0 club.
You barely miss the gnoll. You grab the gnoll.
The gnoll is severely wounded.
You constrict the gnoll, but do no damage.
The gnoll hits you with a +0 club!
Ouch! That really hurt!
The gnoll hits you with a +0 club.
You die...

.....###........##
⌠......'.........#
.....###........##
..####...........#
###..(.........###
...............##
....(.....###...##
.###....### ##...#
.# ####. ###@# .#
#. #g# .# #. #.#
.# #.. ## ### # ##
.## ..#


You could see a gnoll.

Vanquished Creatures
  A dart slug (D:1)
  A kobold (D:1)
  A quokka (D:1)
3 creatures vanquished.

Notes
Turn   | Place    | Note
-------+----------+-------------------------------------------
     0 | D:1      | Tirrikindir the Octopode Fighter began the quest for the
                  | Orb.
     0 | D:1      | Reached XP level 1. HP: 16/16 MP: 1/1
    65 | D:1      | Found Ymane's Antique Weapon Shop.
   271 | D:1      | Slain by a gnoll

Illustrated notes

Levels and vault maps discovered:
D:1:      elethiomel_arrival_infinity_welcomes_careful_drivers, layout_rooms,
          serial_shops, nicolae_shop_trees, basic_ecumenical_altar,
          minmay_misc_feat_rugged

Action                   || total
-------------------------++-------
Melee: Long sword        ||     9
       Constrict         ||     2
 Stab: Sleeping          ||     2
Armor: Skin              ||     1
Dodge: Dodged            ||     2
Block: Buckler           ||     2
